 Dungeon Crawl Stone Soup version 0.21.1-1-g345015f (webtiles) character file.

10754 sking99 the Thaumaturge (level 11, -34/83 HPs)
             Began as a Gnoll Wizard on June 26, 2018.
             Was a Believer of Ashenzari.
             Hit by a large rock thrown by a cyclops (41 damage)
             ... on level 11 of the Dungeon.
             The game lasted 01:12:56 (17989 turns).

sking99 the Thaumaturge (Gnoll Wizard)             Turns: 17989, Time: 01:12:57

Health: -34/83     AC:  8    Str: 10    XL:     11   Next: 67%
Magic:  0/24       EV: 15    Int: 26    God:    Ashenzari [**....]
Gold:   682        SH: 10    Dex: 14    Spells: 15/29 levels left

rFire    . . .     SeeInvis .   A - +1 trident (holy)
rCold    . . .     Gourm    .   j - +0 shield (curse)
rNeg     . . .     Faith    .   a - +1 robe
rPois    .         Spirit   +   b - +0 hat
rElec    .         Reflect  .   E - scarf {cloud immunity}
rCorr    .         Harm     .   K - +0 pair of gloves
MR       .....                  o - +2 pair of boots
Stlth    ++++......             n - amulet of guardian spirit (curse)
HPRegen  0.23/turn              g - ring of wizardry (curse)
MPRegen  0.19/turn              L - +3 ring of intelligence (curse)

@: no status effects
A: distributed training, fangs 1, strong nose
a: Curse Item, Scrying, Renounce Religion


You were on level 11 of the Dungeon.
You worshipped Ashenzari.
Ashenzari was pleased with you.
You were not hungry.

You visited 2 branches of the dungeon, and saw 12 of its levels.
You also visited: Labyrinth and Ossuary.

You collected 778 gold pieces.
You spent 96 gold pieces at shops.

Inventory:

Hand Weapons
 A - a +1 trident of holy wrath (weapon)
Armour
 a - a +1 robe (worn)
 b - a +0 hat (worn)
 j - a cursed +0 shield (worn)
 o - a +2 pair of boots (worn)
 E - a scarf of cloud immunity (worn)
 K - a +0 pair of gloves (worn)
 R - a +0 pair of boots
Magical Staves
 H - an uncursed staff of death
Jewellery
 g - a cursed ring of wizardry (left hand)
 n - a cursed amulet of guardian spirit (around neck)
 t - an uncursed ring of flight
 C - an uncursed ring of fire
 L - a cursed +3 ring of intelligence (right hand)
 P - the amulet of Ushari {Inacc Dex+2}
   (You found it in a labyrinth)

   [amulet of inaccuracy]

   It reduces the accuracy of all your attacks.
   It affects your dexterity (+2).
 Q - an uncursed ring of see invisible
Wands
 c - a wand of iceblast (8)
 v - a wand of enslavement (9)
 D - a wand of polymorph (26)
 M - a wand of random effects (27)
 N - a wand of digging (8)
 O - a wand of scattershot (6)
Scrolls
 e - a scroll of fog
 h - 2 scrolls of random uselessness {unknown}
 q - 4 scrolls of teleportation
 u - 2 scrolls of enchant armour
 w - a scroll of fear
 x - 9 scrolls of identify
 z - 2 scrolls of immolation {unknown}
 B - 3 scrolls of magic mapping
 F - 3 scrolls of amnesia {unknown}
 J - 2 scrolls of enchant weapon
Potions
 f - a potion of haste
 i - 7 potions of flight
 k - 3 potions of lignification
 l - a potion of invisibility
 m - a potion of berserk rage {unknown}
 p - 4 potions of agility
 r - a potion of cancellation
 s - 2 potions of mutation
 G - 3 potions of curing
 I - 4 potions of might {unknown}
Books
 y - a book of Battle

   Spells                             Type                      Level
   a - Infusion                       Charms                       1
   b - Shroud of Golubria             Charms/Translocation         2
   c - Song of Slaying                Charms                       2
   d - Spectral Weapon                Hexes/Charms                 3
   e - Regeneration                   Charms/Necromancy            3
Comestibles
 d - 21 rations


   Skills:
 + Level 6.4 Fighting
 + Level 6.4 Short Blades
 + Level 6.4 Long Blades
 + Level 6.4 Axes
 + Level 6.4 Maces & Flails
 + Level 6.4 Polearms
 + Level 6.4 Staves
 + Level 6.4 Slings
 + Level 6.4 Bows
 + Level 6.4 Crossbows
 + Level 6.4 Throwing
 + Level 6.4 Armour
 + Level 8.0 Dodging
 + Level 7.7 Stealth
 + Level 6.4(7.9) Shields
 + Level 6.4 Unarmed Combat
 + Level 9.6 Spellcasting
 + Level 5.8(8.1) Conjurations
 + Level 5.3(7.6) Hexes
 + Level 5.3(7.6) Charms
 + Level 5.8(8.1) Summonings
 + Level 5.3(7.6) Necromancy
 + Level 5.8(8.1) Translocations
 + Level 5.3(7.6) Transmutations
 + Level 5.3(7.6) Fire Magic
 + Level 5.3(7.6) Ice Magic
 + Level 5.3(7.6) Air Magic
 + Level 5.3(7.6) Earth Magic
 + Level 5.3(7.6) Poison Magic
 + Level 7.0 Invocations
 + Level 6.4(8.7) Evocations


You had 15 spell levels left.
You knew the following spells:

 Your Spells              Type           Power        Failure   Level  Hunger
a - Magic Dart            Conj           ####         1%          1    None
b - Blink                 Tloc           N/A          1%          2    None
c - Call Imp              Summ           ######..     1%          2    None
d - Conjure Flame         Conj/Fire      ######..     1%          3    None
e - Mephitic Cloud        Conj/Pois/Air  ######..     1%          3    None
f - Regeneration          Chrm/Necr      ######....   1%          3    None


Dungeon Overview and Level Annotations

Branches:
Dungeon (11/15)            Temple (1/1) D:5             Orc (0/2) D:11
   Lair: D:8-11

Altars:
Ashenzari
Cheibriados
Dithmenos
Elyvilon
Fedhas
Gozag
Hepliaklqana
Kikubaaqudgha
Makhleb
Nemelex Xobeh
Okawaru
Qazlal
Ru
Sif Muna
Trog
Uskayaw
Vehumet
Wu Jian
Xom
Yredelemnul
Zin
The Shining One

Shops:
D:8 !

Annotations:
D:1 1 exclusion
D:8 exclusion: statue


Innate Abilities, Weirdness & Mutations

Your experience applies equally to all skills.
You have very sharp teeth.
Your uncanny sense of smell can sniff out nearby items.


Message History

Evoke which item? (* to show all) (? for menu, Esc to quit)
Aiming: Enslavement
Press: ? - help, Shift-Dir - straight line, f - cyclops
Aim: a cyclops (hasn't noticed you, chance to defeat MR: 52%)
The cyclops shouts!
The cyclops resists with significant effort.
The cyclops throws a large rock.
The large rock hits you!!
* * * LOW HITPOINT WARNING * * *
Evoke which item? (* to show all) (? for menu, Esc to quit)
Aiming: Enslavement
Press: ? - help, Shift-Dir - straight line, f/p - cyclops
Aim: a cyclops (chance to defeat MR: 52%)
The cyclops resists with significant effort.
Evoke which item? (* to show all) (? for menu, Esc to quit)
Aiming: Enslavement
Press: ? - help, Shift-Dir - straight line, f/p - cyclops
Aim: a cyclops (chance to defeat MR: 52%)
The cyclops resists with significant effort.
The cyclops throws a large rock.
The large rock hits you!!!
You die...

.# #)# #..##..##..# *, .#
#.###..##..##..# *,, * .#
#......##..##..# * ,,. * ,
.# #..........##..# *, ...
*, , .####.##...........#
... , ......##...........#
..#
......##..[........###.># ,
......##......##........#
......##......##@.......#* ,
......##......##........# ,
......##......##...###..##
......##......##....##......
............(.oC............
..............o....../......
,
.5.......##..........##.....
##.......##..........##.....
,
##..................).....#


You could see a cyclops.

Vanquished Creatures
  A minotaur (Lab)
  4 two-headed ogres
  Grinder (D:5)
  2 dream sheep (D:8)
  3 hippogriffs
  Sigmund (D:4)
  5 yaks
  Eustachio (D:5)
  2 wargs
  4 ice beasts
  2 orc warriors
  3 phantoms
  A sky beast (D:6)
  2 ogres (D:7)
  5 necrophages
  2 centaurs
  3 big kobolds (D:8)
  3 bullfrogs
  2 water moccasin zombies
  A wyvern zombie (D:8)
  A scorpion (D:10)
  8 howler monkeys
  A centaur zombie (D:7)
  2 crimson imps
  4 jellies
  9 orc priests
  4 hounds
  2 centaur skeletons
  3 iguanas (D:8)
  2 bullfrog skeletons
  Natasha (thrice) (D:2)
  10 orc wizards
  6 worker ants
  4 big kobold zombies (Ossuary)
  A hound zombie (D:5)
  3 hound skeletons
  2 mummies (Ossuary)
  A worker ant zombie (D:8)
  3 gnolls (D:5)
  8 adders
  2 shadow imps (D:10)
  3 adder skeletons
  8 adder zombies
  6 worms
  3 dart slugs
  8 leopard geckos
  19 orcs
  11 bats
  5 giant cockroaches
  4 goblins
  10 hobgoblins
  9 jackals
  3 quokkas
  A ball python (D:2)
  3 frilled lizards
  6 gnoll zombies (Ossuary)
  4 hobgoblin zombies (Ossuary)
  7 kobolds
  6 kobold zombies (Ossuary)
  A leopard gecko skeleton (D:7)
  A leopard gecko zombie (D:8)
  2 orc zombies (Ossuary)
  A quokka skeleton (D:4)
  A quokka zombie (D:6)
  5 rats
254 creatures vanquished.

Vanquished Creatures (collateral kills)
  A hydra (D:8)
  A shadow (D:11)
  Edmund (D:4)
  An orc warrior (D:11)
  A sky beast (D:7)
  An orc priest (D:7)
  7 orcs
13 creatures vanquished.

Grand Total: 267 creatures vanquished

Notes
Turn   | Place    | Note
-------+----------+-------------------------------------------
     0 | D:1      | sking99 the Gnoll Wizard began the quest for the Orb.
     0 | D:1      | Reached XP level 1. HP: 13/13 MP: 8/8
    94 | D:1      | Reached XP level 2. HP: 5/19 MP: 0/10
  1114 | D:1      | Reached XP level 3. HP: 25/25 MP: 8/11
  1703 | D:2      | Reached skill level 1 in Invocations
  1748 | D:2      | Noticed Natasha
  1756 | D:2      | Killed Natasha
  1756 | D:2      | Reached skill level 1 in Fighting
  1756 | D:2      | Reached skill level 1 in Short Blades
  1756 | D:2      | Reached skill level 1 in Long Blades
  1756 | D:2      | Reached skill level 1 in Axes
  1756 | D:2      | Reached skill level 1 in Maces & Flails
  1756 | D:2      | Reached skill level 1 in Polearms
  1756 | D:2      | Reached skill level 1 in Staves
  1756 | D:2      | Reached skill level 1 in Slings
  1756 | D:2      | Reached skill level 1 in Bows
  1756 | D:2      | Reached skill level 1 in Crossbows
  1756 | D:2      | Reached skill level 1 in Throwing
  1756 | D:2      | Reached skill level 1 in Armour
  1756 | D:2      | Reached skill level 1 in Shields
  1756 | D:2      | Reached skill level 1 in Unarmed Combat
  1756 | D:2      | Reached skill level 1 in Evocations
  1756 | D:2      | Reached XP level 4. HP: 24/32 MP: 3/13
  1901 | D:2      | Noticed Natasha
  1904 | D:2      | Killed Natasha
  1904 | D:2      | Reached skill level 1 in Hexes
  1904 | D:2      | Reached skill level 1 in Charms
  1904 | D:2      | Reached skill level 1 in Necromancy
  1904 | D:2      | Reached skill level 1 in Transmutations
  1904 | D:2      | Reached skill level 1 in Fire Magic
  1904 | D:2      | Reached skill level 1 in Ice Magic
  1904 | D:2      | Reached skill level 1 in Air Magic
  1904 | D:2      | Reached skill level 1 in Earth Magic
  1904 | D:2      | Reached skill level 1 in Poison Magic
  2042 | D:2      | Noticed Natasha
  2049 | D:2      | Killed Natasha
  2049 | D:2      | Reached XP level 5. HP: 36/37 MP: 7/14
  2059 | D:2      | Learned a level 2 spell: Blink
  2062 | D:2      | Learned a level 2 spell: Call Imp
  2066 | D:2      | Learned a level 3 spell: Conjure Flame
  2070 | D:2      | Learned a level 3 spell: Mephitic Cloud
  2119 | D:2      | Found an iron altar of Okawaru.
  2722 | D:3      | Found a hide-covered altar of Uskayaw.
  2725 | D:3      | Found a radiant altar of Vehumet.
  2725 | D:3      | Found a glowing golden altar of the Shining One.
  2727 | D:3      | Found a shimmering altar of Xom.
  2727 | D:3      | Found a shimmering altar of Xom.
  2727 | D:3      | Found a burning altar of Makhleb.
  3196 | D:3      | Reached XP level 6. HP: 44/44 MP: 11/16
  3832 | D:4      | Reached skill level 5 in Dodging
  4232 | D:4      | Noticed Edmund
  4236 | D:4      | Noticed Sigmund
  4262 | D:5      | Entered Level 5 of the Dungeon
  4262 | D:5      | Noticed Eustachio
  4987 | D:4      | Killed Edmund
  4987 | D:4      | Reached XP level 7. HP: 46/50 MP: 10/18
  5204 | D:4      | Killed Sigmund
  5749 | D:5      | Found a staircase to the Ecumenical Temple.
  5755 | Temple   | Entered the Ecumenical Temple
  5860 | Temple   | Became a worshipper of Ashenzari the Shackled
  6044 | D:5      | Reached skill level 5 in Stealth
  6574 | D:5      | Killed Eustachio
  6574 | D:5      | Reached XP level 8. HP: 57/57 MP: 9/19
  6875 | D:5      | Noticed Grinder
  6884 | D:5      | Paralysed by Grinder for 6 turns
  6893 | D:5      | Paralysed by Grinder for 3 turns
  6897 | D:5      | Killed Grinder
  7139 | D:5      | Found a sparkling altar of Nemelex Xobeh.
  7166 | D:5      | Found a sacrificial altar of Ru.
  7628 | D:5      | Found a basalt altar of Yredelemnul.
  7881 | D:6      | Reached skill level 8 in Spellcasting
  8003 | D:6      | Found a stormy altar of Qazlal.
  8199 | D:6      | Reached * piety under Ashenzari
  8315 | D:6      | Reached XP level 9. HP: 12/65 MP: 0/21
  9680 | D:6      | HP: 3/65 [orc warrior/enchanted long sword (4)]
  9683 | D:6      | HP: 1/65 [orc warrior/enchanted long sword (19)]
 10742 | D:7      | Found a shadowy altar of Dithmenos.
 10851 | D:8      | Reached skill level 5 in Invocations
 10864 | D:8      | Found a sand-covered staircase.
 10871 | Ossuary  | Entered an ossuary
 11274 | D:8      | Reached XP level 10. HP: 73/73 MP: 4/22
 11385 | D:8      | Noticed a two-headed ogre
 11409 | D:8      | Killed a two-headed ogre
 11409 | D:8      | Reached skill level 5 in Fighting
 11409 | D:8      | Reached skill level 5 in Short Blades
 11409 | D:8      | Reached skill level 5 in Long Blades
 11409 | D:8      | Reached skill level 5 in Axes
 11409 | D:8      | Reached skill level 5 in Maces & Flails
 11409 | D:8      | Reached skill level 5 in Polearms
 11409 | D:8      | Reached skill level 5 in Staves
 11409 | D:8      | Reached skill level 5 in Slings
 11409 | D:8      | Reached skill level 5 in Bows
 11409 | D:8      | Reached skill level 5 in Crossbows
 11409 | D:8      | Reached skill level 5 in Throwing
 11409 | D:8      | Reached skill level 5 in Armour
 11409 | D:8      | Reached skill level 5 in Shields
 11409 | D:8      | Reached skill level 5 in Unarmed Combat
 11409 | D:8      | Reached skill level 5 in Evocations
 11825 | D:8      | Found Biyqaipy's Distillery.
 11833 | D:8      | Bought a potion of invisibility for 96 gold pieces
 11861 | D:8      | Found a sacrificial altar of Ru.
 11929 | D:8      | Found a radiant altar of Vehumet.
 12134 | D:8      | Found a glowing silver altar of Zin.
 12649 | D:8      | Reached skill level 9 in Spellcasting
 12754 | D:8      | Reached skill level 5 in Conjurations
 12754 | D:8      | Reached skill level 5 in Summonings
 12754 | D:8      | Reached skill level 5 in Translocations
 12896 | D:8      | Noticed a two-headed hydra
 12923 | D:8      | Killed a two-headed hydra
 13379 | D:9      | Noticed a two-headed ogre
 13408 | D:9      | Reached XP level 11. HP: 81/81 MP: 12/24
 13444 | D:9      | Killed a two-headed ogre
 13583 | D:9      | Learned a level 3 spell: Regeneration
 13638 | D:9      | Noticed a two-headed ogre
 13652 | D:9      | Killed a two-headed ogre
 13771 | D:9      | Reached ** piety under Ashenzari
 13936 | D:9      | Noticed a two-headed ogre
 13955 | D:9      | Killed a two-headed ogre
 13955 | D:9      | Reached skill level 5 in Hexes
 13955 | D:9      | Reached skill level 5 in Charms
 13955 | D:9      | Reached skill level 5 in Necromancy
 13955 | D:9      | Reached skill level 5 in Transmutations
 13955 | D:9      | Reached skill level 5 in Fire Magic
 13955 | D:9      | Reached skill level 5 in Ice Magic
 13955 | D:9      | Reached skill level 5 in Air Magic
 13955 | D:9      | Reached skill level 5 in Earth Magic
 13955 | D:9      | Reached skill level 5 in Poison Magic
 14059 | D:9      | Found an opulent altar of Gozag.
 14240 | D:10     | Entered Level 10 of the Dungeon
 16264 | D:11     | Found a labyrinth entrance.
 16273 | Lab      | Entered a labyrinth
 16688 | Lab      | Noticed a minotaur
 16755 | Lab      | Killed a minotaur
 16893 | Lab      | Identified the amulet of Ushari {Inacc Dex+2}
 17276 | D:11     | Found a staircase to the Orcish Mines.
 17970 | D:11     | Noticed a cyclops
 17989 | D:11     | Hit by a large rock thrown by a cyclops

Skill      XL: |  1  2  3  4  5  6  7  8  9 10 11 |
---------------+----------------------------------+-----
Conjurations   | 2 3 4 5 |  5.8
Summonings     | 2 3 4 5 |  5.8
Translocations | 2 3 4 5 |  5.8
Invocations    | 1 2 3 4 5 6 7 |  7.0
Fighting       | 1 2 3 4 5 6 |  6.4
Short Blades   | 1 2 3 4 5 6 |  6.4
Long Blades    | 1 2 3 4 5 6 |  6.4
Axes           | 1 2 3 4 5 6 |  6.4
Maces & Flails | 1 2 3 4 5 6 |  6.4
Polearms       | 1 2 3 4 5 6 |  6.4
Staves         | 1 2 3 4 5 6 |  6.4
Slings         | 1 2 3 4 5 6 |  6.4
Bows           | 1 2 3 4 5 6 |  6.4
Crossbows      | 1 2 3 4 5 6 |  6.4
Throwing       | 1 2 3 4 5 6 |  6.4
Armour         | 1 2 3 4 5 6 |  6.4
Shields        | 1 2 3 4 5 6 |  6.4
Unarmed Combat | 1 2 3 4 5 6 |  6.4
Evocations     | 1 2 3 4 5 6 |  6.4
Hexes          | 1 2 3 4 5 |  5.3
Charms         | 1 2 3 4 5 |  5.3
Necromancy     | 1 2 3 4 5 |  5.3
Transmutations | 1 2 3 4 5 |  5.3
Fire Magic     | 1 2 3 4 5 |  5.3
Ice Magic      | 1 2 3 4 5 |  5.3
Air Magic      | 1 2 3 4 5 |  5.3
Earth Magic    | 1 2 3 4 5 |  5.3
Poison Magic   | 1 2 3 4 5 |  5.3
Dodging        | 5 6 7 8 |  8.0
Stealth        | 5 6 7 |  7.7
Spellcasting   | 8 9 |  9.6

Action                   |  1- 3 |  4- 6 |  7- 9 | 10-12 || total
-------------------------+-------+-------+-------+-------++-------
Melee: Unarmed           |    15 |       |       |       ||    15
       Bite              |     4 |     2 |    13 |    11 ||    30
       Spear             |       |    18 |    10 |       ||    28
       Trident           |       |       |   120 |   160 ||   280
 Cast: Magic Dart        |    73 |   188 |   447 |   453 ||  1161
       Call Imp          |       |     8 |    23 |    15 ||    46
       Conjure Flame     |       |     2 |     9 |    15 ||    26
       Mephitic Cloud    |       |     1 |     5 |     5 ||    11
       Blink             |       |       |     2 |     2 ||     4
Invok: Curse Item        |       |       |     1 |     3 ||     4
Evoke: Wand              |       |       |       |     3 ||     3
  Use: Scroll            |       |     7 |     7 |     3 ||    17
       Potion            |       |     2 |     6 |     3 ||    11
 Stab: Confused          |       |       |     1 |       ||     1
       Sleeping          |       |       |     4 |       ||     4
  Eat: Chunk             |     2 |     8 |    10 |    13 ||    33
       Ration            |       |     1 |     2 |     3 ||     6
Armor: Robe              |     7 |     7 |    36 |    36 ||    86
Dodge: Dodged            |    27 |    45 |   156 |   182 ||   410
Block: Shield            |       |       |    23 |   147 ||   170
